SAA
MARQUETTE MINERS @ CHESAPEAKE CONTINENTALS
06/23/2023
 
TOP OF THE 1ST
Marquette Miners batting - Pitching for Chesapeake Continentals : RHP Kyle McPherson
Pitching: RHP Kyle McPherson
Batting: RHB Félix De La Hoya 0-0: Called Strike
0-1: Ground out 1-3 (Groundball, 23)
Batting: RHB José Vázquez 0-0: Ground out 6-3 (Groundball, 56)
Batting: RHB Ed Adams 0-0: Ball
1-0: Called Strike
1-1: Foul Ball, location: 2F
1-2: Fly out, F5 (Line Drive, 5S)
Top of the 1st over - 0 run(s), 0 hit(s), 0 error(s), 0 left on base; Marquette 0 - Chesapeake 0
BOTTOM OF THE 1ST
Chesapeake Continentals batting - Pitching for Marquette Miners : RHP Miguel Ruíz
Pitching: RHP Miguel Ruíz
Batting: RHB Gustavo Varela 0-0: Called Strike
0-1: Foul Ball, location: 2F
0-2: Ball
1-2: Strikes out swinging
Batting: RHB Miguel Cruz 0-0: Ball
1-0: Fly out, F8 (Flyball, 8RM)
Batting: LHB Arturo Ballina 0-0: Ball
1-0: Foul Ball, location: 2F
1-1: Called Strike
1-2: Ball
2-2: Foul Ball, location: 2F
2-2: SINGLE (Line Drive, 78S)
Batting: RHB Mike Peterson 0-0: Ball
1-0: Ball
Wild Pitch!
Arturo Ballina to second
2-0: Ground out 4-3 (Groundball, 34)
Bottom of the 1st over - 0 run(s), 1 hit(s), 0 error(s), 1 left on base; Marquette 0 - Chesapeake 0
TOP OF THE 2ND
Marquette Miners batting - Pitching for Chesapeake Continentals : RHP Kyle McPherson
Batting: RHB Wayne Cameron 0-0: Called Strike
0-1: Called Strike
0-2: Ball
1-2: Foul Ball, location: 2F
1-2: Ball
2-2: Strikes out swinging
Batting: RHB Alfredo Martínez 0-0: Ball
1-0: Foul Ball, location: 2F
1-1: Fly out, F6 (Line Drive, 6)
Batting: RHB Rocky Cantrell 0-0: Ground out 4-3 (Groundball, 4M)
Top of the 2nd over - 0 run(s), 0 hit(s), 0 error(s), 0 left on base; Marquette 0 - Chesapeake 0
BOTTOM OF THE 2ND
Chesapeake Continentals batting - Pitching for Marquette Miners : RHP Miguel Ruíz
Batting: LHB Roberto Sánchez 0-0: Ball
1-0: Foul Ball, location: 2F
1-1: Swinging Strike
1-2: Foul Ball, location: 2F
1-2: Foul Ball, location: 2F
1-2: Ball
2-2: Strikes out swinging
Batting: RHB Ju-chan Pak 0-0: Ball
1-0: Ball
2-0: Called Strike
2-1: Foul Ball, location: 2F
2-2: Strikes out swinging
Batting: SHB Vince Barrowcliff 0-0: Ball
1-0: Foul Ball, location: 2F
1-1: Foul Ball, location: 2F
1-2: Ground out 4-3 (Groundball, 4)
Bottom of the 2nd over - 0 run(s), 0 hit(s), 0 error(s), 0 left on base; Marquette 0 - Chesapeake 0
TOP OF THE 3RD
Marquette Miners batting - Pitching for Chesapeake Continentals : RHP Kyle McPherson
Batting: RHB Dave Moulin 0-0: Ball
1-0: Ball
2-0: Fly out, F9 (Flyball, 23F)
Batting: RHB Ken Little 0-0: Ball
1-0: Ball
2-0: Ball
3-0: Base on Balls
Batting: RHB Carlos Trujillo 0-0: Ball
1-0: Swinging Strike
1-1: Called Strike
1-2: Fly out, F9 (Flyball, 9S)
Batting: RHB Félix De La Hoya 0-0: SINGLE (Groundball, 56)
Ken Little to second
Batting: RHB José Vázquez 0-0: TRIPLE (Flyball, 78M)
Ken Little scores
Félix De La Hoya scores
Batting: RHB Ed Adams 0-0: Foul Ball, location: 2F
0-1: Called Strike
0-2: Ground out 6-3 (Groundball, 6M)
Top of the 3rd over - 2 run(s), 2 hit(s), 0 error(s), 1 left on base; Marquette 2 - Chesapeake 0
BOTTOM OF THE 3RD
Chesapeake Continentals batting - Pitching for Marquette Miners : RHP Miguel Ruíz
Batting: RHB Gil Nichols 0-0: Fly out, F7 (Line Drive, 78D)
Batting: LHB John Robertson 0-0: Called Strike
0-1: Ball
1-1: Ball
2-1: Foul Ball, location: 2F
2-2: Ball
3-2: Foul Ball, location: 2F
3-2: Strikes out swinging
Batting: RHB Gustavo Varela 0-0: Ball
1-0: Swinging Strike
1-1: Swinging Strike
1-2: Ball
2-2: Strikes out swinging
Bottom of the 3rd over - 0 run(s), 0 hit(s), 0 error(s), 0 left on base; Marquette 2 - Chesapeake 0
TOP OF THE 4TH
Marquette Miners batting - Pitching for Chesapeake Continentals : RHP Kyle McPherson
Batting: RHB Wayne Cameron 0-0: Ball
1-0: Ball
2-0: Foul Ball, location: 2F
2-1: Swinging Strike
2-2: Hit by Pitch
Batting: RHB Alfredo Martínez 0-0: Ball
1-0: Ball
2-0: Ball
3-0: Called Strike
3-1: Foul Ball, location: 2F
3-2: Strikes out swinging
Batting: RHB Rocky Cantrell 0-0: Ball
1-0: Ball
2-0: Ball
3-0: Called Strike
3-1: SINGLE (Flyball, 7S)
Wayne Cameron to second
Batting: RHB Dave Moulin 0-0: Ball
1-0: Ball
2-0: Fly out, F7 (Flyball, 78D)
Batting: RHB Ken Little 0-0: Ball
1-0: Ball
2-0: Ball
3-0: Called Strike
3-1: Base on Balls
Wayne Cameron to third
Rocky Cantrell to second
Batting: RHB Carlos Trujillo 0-0: Fly out, F5 (Popup, 5F)
Top of the 4th over - 0 run(s), 1 hit(s), 0 error(s), 3 left on base; Marquette 2 - Chesapeake 0
BOTTOM OF THE 4TH
Chesapeake Continentals batting - Pitching for Marquette Miners : RHP Miguel Ruíz
Batting: RHB Miguel Cruz 0-0: Ball
1-0: Ground out 6-3 (Groundball, 6)
Batting: LHB Arturo Ballina 0-0: Ball
1-0: Swinging Strike
1-1: Ball
2-1: Swinging Strike
2-2: Ball
3-2: Base on Balls
Batting: RHB Mike Peterson 0-0: Ball
1-0: Ball
2-0: Foul Ball, location: 2F
2-1: Foul Ball, location: 2F
2-2: Ball
3-2: Foul Ball, location: 2F
3-2: Base on Balls
Arturo Ballina to second
Batting: LHB Roberto Sánchez 0-0: Fly out, F9 (Flyball, 89S)
Batting: RHB Ju-chan Pak 0-0: Called Strike
0-1: Foul Ball, location: 2F
0-2: Strikes out swinging
Bottom of the 4th over - 0 run(s), 0 hit(s), 0 error(s), 2 left on base; Marquette 2 - Chesapeake 0
TOP OF THE 5TH
Marquette Miners batting - Pitching for Chesapeake Continentals : RHP Kyle McPherson
Batting: RHB Félix De La Hoya 0-0: Foul Ball, location: 2F
0-1: Foul Ball, location: 2F
0-2: Ball
1-2: Foul Ball, location: 2F
1-2: Strikes out swinging
Batting: RHB José Vázquez 0-0: Ball
1-0: Ball
2-0: Called Strike
2-1: Foul Ball, location: 2F
2-2: Fly out, F9 (Flyball, 89M)
Batting: RHB Ed Adams 0-0: Ball
1-0: Ball
2-0: Called Strike
2-1: Called Strike
2-2: SINGLE (Groundball, 6MD)
Batting: RHB Wayne Cameron 0-0: Fly out, F7 (Flyball, 78D)
Top of the 5th over - 0 run(s), 1 hit(s), 0 error(s), 1 left on base; Marquette 2 - Chesapeake 0
BOTTOM OF THE 5TH
Chesapeake Continentals batting - Pitching for Marquette Miners : RHP Miguel Ruíz
Batting: SHB Vince Barrowcliff 0-0: Called Strike
0-1: Ball
1-1: Ground out 4-3 (Groundball, 4)
Batting: RHB Gil Nichols 0-0: Called Strike
0-1: Fly out, F7 (Flyball, 78M)
Batting: LHB John Robertson 0-0: Reached on error, E3 (Groundball, 34S)
Batting: RHB Gustavo Varela 0-0: Called Strike
0-1: Fly out, F8 (Flyball, 8RM)
Bottom of the 5th over - 0 run(s), 0 hit(s), 1 error(s), 1 left on base; Marquette 2 - Chesapeake 0
TOP OF THE 6TH
Marquette Miners batting - Pitching for Chesapeake Continentals : RHP Kyle McPherson
Batting: RHB Alfredo Martínez 0-0: Called Strike
0-1: Fly out, F8 (Line Drive, 8RS)
Batting: RHB Rocky Cantrell 0-0: Ball
1-0: Called Strike
1-1: Foul Ball, location: 2F
1-2: Fly out, F6 (Popup, 6D)
Batting: RHB Dave Moulin 0-0: Ball
1-0: Ground out U3 (Groundball, 3L)
Top of the 6th over - 0 run(s), 0 hit(s), 0 error(s), 0 left on base; Marquette 2 - Chesapeake 0
BOTTOM OF THE 6TH
Chesapeake Continentals batting - Pitching for Marquette Miners : RHP Miguel Ruíz
Batting: RHB Miguel Cruz 0-0: Ball
1-0: Fly out, F6 (Line Drive, 6)
Batting: LHB Arturo Ballina 0-0: Called Strike
0-1: Foul Ball, location: 2F
0-2: Ball
1-2: Ball
2-2: Ground out 4-3 (Groundball, 34)
Batting: RHB Mike Peterson 0-0: Called Strike
0-1: Foul Ball, location: 2F
0-2: Ball
1-2: Ball
2-2: Foul Ball, location: 2F
2-2: Ball
3-2: Ground out 4-3 (Groundball, 34)
Bottom of the 6th over - 0 run(s), 0 hit(s), 0 error(s), 0 left on base; Marquette 2 - Chesapeake 0
TOP OF THE 7TH
Marquette Miners batting - Pitching for Chesapeake Continentals : RHP Kyle McPherson
Batting: RHB Ken Little 0-0: Called Strike
0-1: Fly out, F9 (Popup, 34D)
Batting: RHB Carlos Trujillo 0-0: Called Strike
0-1: Ball
1-1: Foul Ball, location: 2F
1-2: Ground out 5-3 (Groundball, 5)
Batting: RHB Félix De La Hoya 0-0: Ball
1-0: Ball
2-0: Ball
3-0: Base on Balls
Batting: RHB José Vázquez 0-0: Fielders Choice at 2nd, 6-4 (Groundball, 6)
Top of the 7th over - 0 run(s), 0 hit(s), 0 error(s), 0 left on base; Marquette 2 - Chesapeake 0
BOTTOM OF THE 7TH
Chesapeake Continentals batting - Pitching for Marquette Miners : RHP Miguel Ruíz
Batting: LHB Roberto Sánchez 0-0: Foul Ball, location: 2F
0-1: Ball
1-1: Called Strike
1-2: Strikes out swinging
Batting: RHB Ju-chan Pak 0-0: Ground out 1-3 (Groundball, 13)
Batting: SHB Vince Barrowcliff 0-0: Called Strike
0-1: Ball
1-1: Ground out 4-3 (Groundball, 13)
Bottom of the 7th over - 0 run(s), 0 hit(s), 0 error(s), 0 left on base; Marquette 2 - Chesapeake 0
TOP OF THE 8TH
Marquette Miners batting - Pitching for Chesapeake Continentals : RHP Kyle McPherson
Batting: RHB Ed Adams 0-0: Called Strike
0-1: Called Strike
0-2: Foul Ball, location: 2F
0-2: Strikes out looking
Batting: RHB Wayne Cameron 0-0: Ball
1-0: Foul Ball, location: 2F
1-1: Called Strike
1-2: Strikes out swinging
Batting: RHB Alfredo Martínez 0-0: Called Strike
0-1: Called Strike
0-2: Ball
1-2: Ground out 6-3 (Groundball, 6)
Top of the 8th over - 0 run(s), 0 hit(s), 0 error(s), 0 left on base; Marquette 2 - Chesapeake 0
BOTTOM OF THE 8TH
Chesapeake Continentals batting - Pitching for Marquette Miners : RHP Miguel Ruíz
Batting: RHB Gil Nichols 0-0: Foul Ball, location: 2F
0-1: Ground out 1-3 (Groundball, 13)
Batting: LHB John Robertson 0-0: Foul Ball, location: 2F
0-1: Swinging Strike
0-2: Strikes out swinging
Batting: RHB Gustavo Varela 0-0: Ball
1-0: Swinging Strike
1-1: Ball
2-1: Swinging Strike
2-2: SINGLE (Line Drive, 89M)
Batting: RHB Miguel Cruz 0-0: Foul Ball, location: 2F
0-1: Ball
1-1: Ball
2-1: Foul Ball, location: 2F
2-2: Ball
3-2: Base on Balls
Gustavo Varela to second
Batting: LHB Arturo Ballina 0-0: Ground out 1-3 (Groundball, 15S)
Bottom of the 8th over - 0 run(s), 1 hit(s), 0 error(s), 2 left on base; Marquette 2 - Chesapeake 0
TOP OF THE 9TH
Marquette Miners batting - Pitching for Chesapeake Continentals : RHP Kyle McPherson
Pitching: RHP Jim Unknown
Batting: RHB Rocky Cantrell 0-0: Ball
1-0: Called Strike
1-1: Fly out, F7 (Flyball, 7M)
Batting: RHB Dave Moulin 0-0: Called Strike
0-1: Ball
1-1: Ground out 4-3 (Groundball, 4)
Batting: RHB Ken Little 0-0: Called Strike
0-1: Ball
1-1: SINGLE (Line Drive, 8LS)
Batting: RHB Carlos Trujillo 0-0: Called Strike
0-1: Foul Ball, location: 2F
0-2: Ball
1-2: Fly out, F8 (Flyball, 8RM)
Top of the 9th over - 0 run(s), 1 hit(s), 0 error(s), 1 left on base; Marquette 2 - Chesapeake 0
BOTTOM OF THE 9TH
Chesapeake Continentals batting - Pitching for Marquette Miners : RHP Miguel Ruíz
Pitching: LHP José Tovar
Batting: RHB Mike Peterson 0-0: Ball
1-0: Ground out 4-3 (Groundball, 4M)
Batting: LHB Roberto Sánchez 0-0: Called Strike
0-1: Ball
1-1: Ball
2-1: SINGLE (Line Drive, 4MD)
Batting: RHB Ju-chan Pak 0-0: SINGLE (Line Drive, 4D)
Roberto Sánchez to second
Pinch Hitting: RHB Gabriel Guerrero 0-0: Swinging Strike
0-1: SINGLE (Groundball, 4MD)
Roberto Sánchez to third
Ju-chan Pak to second
Runner from 3rd tries for Home, SAFE, no throw or cutoff
Batting: RHB Gil Nichols 0-0: Fielders Choice at 2nd, 4-6 (Groundball, 4)
Ju-chan Pak to third
Pinch Hitting: RHB Scott Allison 0-0: Called Strike
0-1: Ground out 2-3 (Groundball, 2R)
Bottom of the 9th over - 1 run(s), 3 hit(s), 0 error(s), 2 left on base; Marquette 2 - Chesapeake 1
This league is powered by Out of the Park Baseball, the baseball management simulation game for PC, Mac and Linux
Friday, July 8th, 2016 - OOTP Baseball 16.9 Build 39